 Dungeon Crawl Stone Soup version 0.23.2-40-g277498a001 (webtiles) character file.

Game seed: 9651849370773417121

98 BeastOfSaturn the Insei (level 4, -9/32 HPs)
             Began as a Demonspawn Transmuter on Oct 7, 2019.
             Was an Initiate of Ru.
             Killed from afar by an orc wizard (12 damage)
             ... with a puff of flame
             ... on level 3 of the Dungeon.
             The game lasted 00:15:25 (1890 turns).

BeastOfSaturn the Insei (Demonspawn Transmuter)     Turns: 1890, Time: 00:15:25

Health: -9/32      AC:  6    Str: 11    XL:     4   Next: 44%
Magic:  7/7        EV: 11    Int: 14    God:    Ru [......]
Gold:   96         SH:  0    Dex: 14    Spells: 6/7 levels left

rFire    . . .     SeeInvis .     - Unarmed
rCold    . . .     Gourm    .   (no shield)
rNeg     . . .     Faith    .   h - +0 ring mail
rPois    .         Spirit   .   (helmet restricted)
rElec    .         Reflect  .   (no cloak)
rCorr    .         Harm     .   b - +0 pair of gloves
MR       .....     Clarity  +   (no boots)
Stlth    +.........             (no amulet)
HPRegen  0.10/turn              (no ring)
MPRegen  0.10/turn              (no ring)

@: very slightly contaminated
A: horns 1, clarity, powered by death 1
a: Renounce Religion


You were on level 3 of the Dungeon.
You worshipped Ru.
Ru was noncommittal.
You were not hungry.

You visited 1 branch of the dungeon, and saw 3 of its levels.

You collected 96 gold pieces.

Inventory:

Hand Weapons
 j - a +0 hunting sling
Missiles
 a - 36 arrows
 f - 34 stones (quivered)
Armour
 b - a +0 pair of gloves (worn)
 h - a +0 ring mail (worn)
Scrolls
 e - 2 scrolls of identify
 g - 2 scrolls of immolation {unknown}
 k - a scroll of enchant weapon {unknown}
 m - 2 scrolls of amnesia {unknown}
Potions
 c - a potion of heal wounds {unknown}
 i - a potion of haste {unknown}
 l - a potion of agility {unknown}
 o - a potion of curing {unknown}
Comestibles
 d - 3 rations


   Skills:
 - Level 1.0 Fighting
 + Level 1.0 Armour
 * Level 2.3 Dodging
 - Level 0.3 Stealth
 * Level 4.2 Unarmed Combat
 - Level 2.0 Spellcasting
 + Level 1.8 Transmutations


You had 6 spell levels left.
You knew the following spells:

 Your Spells              Type           Power        Failure   Level  Hunger
a - Beastly Appendage     Tmut           #.....       26%         1    ##.....

Your spell library contained the following spells:

 Spells                   Type           Power        Failure   Level  Hunger
 Sticks to Snakes         Tmut           #.......     36%         2    ###....
 Spider Form              Tmut/Pois      #.........   75%         3    ####...
 Ice Form                 Ice/Tmut       #.......     98%         4    #####..
 Blade Hands              Tmut           #.........   100%        5    ######.


Dungeon Overview and Level Annotations

Branches:
Dungeon (3/15)

Altars:
Ru

Annotations:
D:2 Sigmund


Innate Abilities, Weirdness & Mutations

You regenerate a little health from kills.
You have a pair of small horns on your head.
You possess an exceptional clarity of mind.


Message History

Deactivating autopickup; reactivate with Ctrl-A.
You miss something.
You hear some strange, mumbled words.
A puff of frost appears from out of thin air!
The puff of frost misses you.
You miss something. Something completely misses you.
You hear some strange, mumbled words.
A puff of flame appears from out of thin air!
The puff of flame hits you!
* * * LOW HITPOINT WARNING * * *
Something hits you but does no damage.
You hear some strange, mumbled words.
A puff of flame appears from out of thin air!
The puff of flame hits you.
* * * LOW HITPOINT WARNING * * *
Something hits you but does no damage.
You hear some strange, mumbled words.
A puff of flame appears from out of thin air!
The puff of flame hits you!
You die...

##.....# #.#
......# #.#####
####....# #o#.o.#
.......# #)#.#.#
....<..#####o#{#o#
....รท......#.#o#.#
##########.#...#.#
#.#####.# #.#...#@#
#.#.#.#.# #.#.#.#.#
#.#.#.#.# #.#.#...#
#.#'##### #...#
#####


You could see 2 orcs.

Vanquished Creatures
  An orc wizard (D:2)
  2 adders
  An ooze (D:2)
  A dart slug (D:1)
  An orc (D:3)
  2 ball pythons
  5 bats
  2 goblins (D:1)
  6 hobgoblins
  10 jackals
  4 kobolds
  3 frilled lizards (D:1)
  4 rats (D:1)
42 creatures vanquished.

Notes
Turn   | Place    | Note
-------+----------+-------------------------------------------
     0 | D:1      | BeastOfSaturn the Demonspawn Transmuter began the quest for
                  | the Orb.
     0 | D:1      | Reached XP level 1. HP: 15/15 MP: 3/3
    46 | D:1      | Reached skill level 3 in Unarmed Combat
   212 | D:1      | Gained mutation: You regenerate a little health from kills.
                  | [demonic ancestry]
   212 | D:1      | Reached XP level 2. HP: 21/21 MP: 5/5
   566 | D:1      | Reached XP level 3. HP: 25/26 MP: 4/6
   885 | D:2      | Noticed Sigmund
  1176 | D:2      | Gained mutation: You possess an exceptional clarity of
                  | mind. [potion of mutation]
  1176 | D:2      | Gained mutation: You have a pair of small horns on your
                  | head. [potion of mutation]
  1317 | D:2      | Found a sacrificial altar of Ru.
  1334 | D:2      | Reached skill level 4 in Unarmed Combat
  1334 | D:2      | Reached XP level 4. HP: 30/32 MP: 5/7
  1356 | D:2      | Became a worshipper of Ru the Awakened
  1584 | D:3      | Reached skill level 1 in Armour
  1890 | D:3      | Killed from afar by an orc wizard

Skill      XL: |  1  2  3  4 |
---------------+-------------+-----
Unarmed Combat | 3 4 |  4.2
Dodging        | 2 |  2.3
Armour         | 1 |  1.0
Fighting       | |  1.0
Stealth        | |  0.3
Spellcasting   | |  2.0
Transmutations | |  1.8

Action                   |  1- 3 |  4- 6 || total
-------------------------+-------+-------++-------
Melee: Unarmed           |   123 |    45 ||   168
       Kick              |     8 |       ||     8
       Headbutt          |     5 |     6 ||    11
Throw: Stone             |     2 |       ||     2
 Cast: Beastly Appendage |     4 |       ||     4
  Use: Scroll            |     1 |       ||     1
       Potion            |     1 |       ||     1
 Stab: Sleeping          |     1 |       ||     1
  Eat: Chunk             |     1 |     1 ||     2
       Ration            |       |     1 ||     1
Armor: Robe              |     5 |       ||     5
       Ring mail         |    34 |    22 ||    56
Dodge: Dodged            |    76 |    28 ||   104
